 Dungeon Crawl Stone Soup version 0.28-b1-70-g80dc712255 (webtiles) character file.

Game seed: 5494992859785584585

72 crazypyro the Shield-Bearer (level 4, 10/35 HPs)
             Began as a Demonspawn Fighter on Feb 3, 2022.
             Quit the game on level 2 of the Dungeon.
             The game lasted 00:01:21 (1572 turns).

crazypyro the Shield-Bearer (Demonspawn Fighter)    Turns: 1572, Time: 00:01:22

Health: 10/35      AC:  6    Str: 18    XL:     4   Next: 7%
Magic:  4/4        EV:  9    Int:  9    God:
Gold:   64         SH:  4    Dex: 13    Spells: 3/3 levels left

rFire   . . .      SeeInvis .   a - +0 war axe
rCold   . . .      Faith    .   c - +0 buckler
rNeg    . . .      Spirit   .   b - +0 scale mail
rPois   .          Reflect  .   (no helmet)
rElec   .          Harm     .   (no cloak)
rCorr   .          Rampage  .   (no gloves)
Will    .....                   (no boots)
Stlth   ..........              (no amulet)
HPRegen 0.11/turn               (no ring)
MPRegen 0.09/turn               (no ring)

@: no status effects
A: demonic magic 1, demonic touch 1
a: no special abilities


You were on level 2 of the Dungeon.
You visited 1 branch of the dungeon, and saw 2 of its levels.

You collected 64 gold pieces.

Inventory:

Hand Weapons
 a - a +0 war axe (weapon)
Armour
 b - a +0 scale mail (worn)
 c - a +0 buckler (worn)
Wands
 m - a wand of iceblast (12)
Scrolls
 e - a scroll of teleportation {unknown}
 f - 2 scrolls of fear {unknown}
 h - a scroll of identify {unknown}
 l - a scroll of enchant armour {unknown}
Potions
 d - a potion of might
 g - a potion of haste {unknown}
 i - a potion of heal wounds {unknown}
 j - a potion of mutation {unknown}
 k - a potion of curing {unknown}


   Skills:
 - Level 3.2 Fighting
 * Level 3.0 Axes
 - Level 3.0 Armour
 + Level 3.3 Shields


You had 3 spell levels left.
You didn't know any spells.
Your spell library was empty.

Dungeon Overview and Level Annotations

Branches:
Dungeon (2/15)

Altars:


Innate Abilities, Weirdness & Mutations

Spells you cast may paralyse adjacent enemies.
Your touch may inflict minor irresistible damage on your foes.


Message History

A worm comes into view.
A worm is nearby!
A worm is nearby!
You barely miss the worm. You completely miss the worm. The worm bites you.
You hit the worm.
The worm is moderately wounded.
The worm barely misses you.
You barely miss the worm.
The worm is lightly wounded.
The worm bites you!
You hit the worm.
The worm is moderately wounded.
The worm bites you.
You slash the worm!
The worm is severely wounded.
You hit the worm.
The worm is almost dead.
The worm bites you.
You are too injured to fight recklessly!
You are too injured to fight recklessly!
You are too injured to fight recklessly!
You are too injured to fight recklessly!
You are too injured to fight recklessly!
You barely miss the worm.
The worm is almost dead.
The worm bites you.
You hit the worm.
The worm is almost dead.
The worm bites you.
* * * LOW HITPOINT WARNING * * *
You slash the worm!
You kill the worm!
A goblin and a worm come into view.
The goblin is wielding a +2 dagger of venom.
The goblin shouts!
Save game and exit?
Welcome back, crazypyro the Demonspawn Fighter.
Press ? for a list of commands and other information.
Are you sure you want to abandon this character and quit the game? (Confirm with "yes".)

##
#################. .
#.......>.........
..
....###.###########.
... . #.## #. ....
#..# #. ..... ##.#
#. ......######.# #.
.......@.....# #>
.w......###### #.
.g....#.. #######.
......###. #.......
..... .# #.......
....# . ........
#### .# #....... .#
#....... #.#
#.......


You could see a worm and a goblin.

Vanquished Creatures
  Terence (D:2)
  An adder (D:2)
  A worm (D:2)
  A dart slug (D:1)
  5 ball pythons (D:1)
  2 bats (D:1)
  2 endoplasms
  2 giant cockroaches
  4 goblins (D:1)
  3 hobgoblins (D:1)
  2 kobolds (D:1)
  4 quokkas
  3 frilled lizards (D:1)
  A rat (D:1)
32 creatures vanquished.

Notes
Turn   | Place    | Note
-------+----------+-------------------------------------------
     0 | D:1      | crazypyro the Demonspawn Fighter began the quest for the
                  | Orb.
     0 | D:1      | Reached XP level 1. HP: 18/18 MP: 1/1
    34 | D:1      | Gained mutation: Your touch may inflict minor irresistible
                  | damage on your foes. [demonic ancestry]
    34 | D:1      | Reached XP level 2. HP: 12/24 MP: 2/2
   930 | D:1      | Reached XP level 3. HP: 29/29 MP: 3/3
  1270 | D:2      | Noticed Terence
  1278 | D:2      | Killed Terence
  1521 | D:2      | Gained mutation: Spells you cast may paralyse adjacent
                  | enemies. [demonic ancestry]
  1521 | D:2      | Reached XP level 4. HP: 35/35 MP: 4/4
  1572 | D:2      | Quit the game

Illustrated notes

Levels and vault maps discovered:
D:1:      dpeg_arrival_line_fractal, layout_loops_ring
D:2:      layout_rooms, uniq_terence

Skill      XL: |  1  2  3 |
---------------+----------+-----
Axes           | 2 3 |  3.0
Armour         | 3 |  3.0
Shields        | 3 |  3.3
Fighting       | |  3.2

Action                   |  1- 3 |  4- 6 || total
-------------------------+-------+-------++-------
Melee: War axe           |    85 |    11 ||    96
Armor: Scale mail        |    39 |       ||    39
Dodge: Dodged            |    35 |     1 ||    36
Block: Buckler           |    35 |       ||    35
